 Dungeon Crawl Stone Soup version 0.22.1-6-g1668fe2c40 (webtiles) character file.

41 Kohma the Stinger (level 3, -3/42 HPs)
             Began as a Naga Venom Mage on Jan 26, 2019.
             Was an Initiate of Cheibriados.
             Slain by a gnoll
             ... wielding a +0 club
              (7 damage)
             ... on level 2 of the Dungeon.
             The game lasted 00:07:45 (1732 turns).

Kohma the Stinger (Naga Venom Mage)                 Turns: 1732, Time: 00:07:46

Health: -3/42      AC:  2    Str: 16    XL:     3   Next: 52%
Magic:  1/6        EV: 10    Int: 17    God:    Cheibriados [......]
Gold:   28         SH:  0    Dex: 12    Spells: 3/6 levels left

rFire    . . .     SeeInvis +   n - +0 whip (drain)
rCold    . . .     Gourm    .   (no shield)
rNeg     . . .     Faith    .   a - +0 robe
rPois    +         Spirit   .   (no helmet)
rElec    .         Reflect  .   (no cloak)
rCorr    .         Harm     .   (no gloves)
MR       .....                  (no barding)
Stlth    ..........             (no amulet)
HPRegen  0.14/turn              (no ring)
MPRegen  0.10/turn              (no ring)

@: mighty, berserking, flying, very slow
A: large, see invisible, deformed body, poison resistance, slowness 2, slow
metabolism 1, spit poison 1, AC +1
a: Spit Poison, Bend Time, Renounce Religion


You were on level 2 of the Dungeon.
You worshipped Cheibriados.
Cheibriados was noncommittal.
You were not hungry.

You visited 1 branch of the dungeon, and saw 2 of its levels.

You collected 28 gold pieces.

Inventory:

Hand Weapons
 h - a +0 short sword
 n - a +0 whip of draining (weapon)
 o - a +0 hunting sling
Missiles
 f - 42 stones (quivered)
 p - 24 bolts
 t - 20 arrows
Armour
 a - a +0 robe (worn)
 r - a cursed +0 ring mail
Jewellery
 e - an uncursed ring of protection from cold {unknown}
 s - an uncursed amulet of guardian spirit {unknown}
Wands
 q - a wand of flame (30)
Scrolls
 d - a scroll of enchant weapon {unknown}
 i - 2 scrolls of teleportation {unknown}
 j - a scroll of identify {unknown}
 l - 3 scrolls of random uselessness {unknown}
Comestibles
 c - 2 rations
 m - 4 chunks of flesh


   Skills:
 - Level 1.5 Dodging
 - Level 3.0 Stealth
 - Level 2.0 Spellcasting
 - Level 1.0 Conjurations
 + Level 5.9 Poison Magic


You had 3 spell levels left.
You knew the following spells:

 Your Spells              Type           Power        Failure   Level  Hunger
a - Sting                 Conj/Pois      ##..         4%          1    #......
b - Poisonous Vapours     Pois/Air       ##....       9%          2    ###....

Your spell library contained the following spells:

 Spells                   Type           Power        Failure   Level  Hunger
 Mephitic Cloud           Conj/Pois/Air  #.......     22%         3    ###....
 Olgreb's Toxic Radiance  Pois           ###.....     17%         4    #####..
 Venom Bolt               Conj/Pois      ##........   78%         5    ######.


Dungeon Overview and Level Annotations

Branches:
Dungeon (2/15)

Altars:
Cheibriados


Innate Abilities, Weirdness & Mutations

You cannot wear boots.
Your serpentine skin is tough. (AC +1)
You have supernaturally acute eyesight. (SInv)
Armour fits poorly on your strangely shaped body.
Your system is resistant to poisons. (rPois)
You cover ground very slowly.
You have a slow metabolism.
You can spit poison.


Message History

The gnoll is severely wounded.
The gnoll looks more healthy.
The gnoll hits you with a flail. The gnoll hits you with a club.
You hit the gnoll but do no damage.
The gnoll is almost dead.
The gnoll barely misses you. The gnoll hits you with a club!
* * * LOW HITPOINT WARNING * * *
Okay, then.
Okay, then.
It was a potion of flight.
You feel very buoyant.
You fly up into the air.
It was a potion of might.
You feel very mighty all of a sudden.
The gnoll looks more healthy.
The gnoll barely misses you.
It was a potion of berserk rage.
A red film seems to cover your vision as you go berserk!
Cheibriados protects you from inadvertent hurry.
You feel mighty! The gnoll hits you with a club!
You die... ..#..# ###..# #........# ###... #........# ..#.#. #........ ...... .>..... ..... #.## ..... ..# ...# Sgg.

#.##.## #.## ##g#
..# ...###..###g@#
### #..#........#
# #..........#
#########........#
.................#
#########........#
#.....####
###.....##
##.....#


You could see 4 gnolls and an adder.

Vanquished Creatures
  An adder (D:2)
  2 leopard geckos
  4 giant cockroaches
  3 hobgoblins
  7 kobolds
  3 ball pythons (D:1)
  7 bats (D:1)
  2 frilled lizards (D:1)
  A rat (D:1)
30 creatures vanquished.

Notes
Turn   | Place    | Note
-------+----------+-------------------------------------------
     0 | D:1      | Kohma the Naga Venom Mage began the quest for the Orb.
     0 | D:1      | Reached XP level 1. HP: 15/15 MP: 3/3
   599 | D:1      | Reached XP level 2. HP: 22/22 MP: 1/5
   643 | D:1      | Learned a level 2 spell: Poisonous Vapours
   811 | D:1      | Reached skill level 5 in Poison Magic
  1297 | D:1      | Reached XP level 3. HP: 28/28 MP: 1/6
  1675 | D:2      | Found a snail-covered altar of Cheibriados.
  1681 | D:2      | Became a worshipper of Cheibriados the Contemplative
  1732 | D:2      | Slain by a gnoll

Skill      XL: |  1  2 |
---------------+-------+-----
Poison Magic   | 5 |  5.9
Dodging        | |  1.5
Stealth        | |  3.0
Spellcasting   | |  2.0
Conjurations   | |  1.0

Action                   || total
-------------------------++-------
Melee: Unarmed           ||    11
       Short sword       ||    10
       Whip              ||    12
Throw: Stone             ||     1
 Cast: Sting             ||    10
       Poisonous Vapours ||    24
 Abil: Spit Poison       ||     6
  Use: Scroll            ||     1
       Potion            ||     3
  Eat: Ration            ||     1
       Chunk             ||     1
Armor: Robe              ||    27
Dodge: Dodged            ||    29
